[Event "*** Titled Tuesday Blitz"]
[Site "Chess.com"]
[Date "2021.03.30"]
[Round "4"]
[White "vinniethepooh"]
[Black "kuli4ik"]
[Result "0-1"]
[WhiteElo "2658"]
[BlackElo "2859"]
[TimeControl "180+1"]
[EndTime "10:38:07 PDT"]
[Termination "kuli4ik won by resignation"]

1. d4 g6 2. c4 Bg7 3. Nc3 d6 4. Nf3 Bg4 5. g3 Nc6 6. d5 Nb8 7. Bg2 Nf6 8. h3 Bc8 9. O-O O-O 10. e4 e5 11. b4 a5 12. bxa5 Rxa5 13. a4 Na6 14.
Nd2 Nc5 15. Ba3 Nfd7 16. Bb4 Ra8 17. a5 Nd3 18. Ba3 N3c5 19. Bb4 f5 20. exf5 gxf5 21. Qe2 e4 22. Rab1 Nd3 23. Nb5 Nxb4 24. Rxb4 Rxa5 25.
f3 exf3 26. Qxf3 Ra2 27. Nb3 Ne5 28. Qh5 Nd3 29. Nc1 Rxg2+ 30. Kxg2 Nxb4 31. Rf4 c6 32. Rh4 h6 33. Nd4 Qg5 34. Nce2 Qxh5 35. Rxh5 cxd5 36. cxd5 Nxd5 37. g4 Bxd4 38. Nxd4 Nf4+ 0-1

[Event "*** Titled Tuesday Blitz"]
[Site "Chess.com"]
[Date "2021.03.30"]
[Round "4"]
[White "KeithArkell"]
[Black "kuba2006"]
[Result "1-0"]
[WhiteElo "2612"]
[BlackElo "2347"]
[TimeControl "180+1"]
[EndTime "10:38:09 PDT"]
[Termination "KeithArkell won by checkmate"]

1. d4 Nf6 2. Nf3 d6 3. c4 Nbd7 4. d5 g6 5. Nc3 Bg7 6. g3 O-O 7. Bg2 c5 8. dxc6 bxc6 9. Nd4 Bb7 10. Bxc6 Qc7 11. Nd5 Nxd5 12. cxd5 Bxd4 13. Qxd4 Bxc6 14. dxc6 Qxc6 15. O-O e5 16. Qh4 d5 17. Bh6 Rfc8 18.
Rac1 Qe6 19. Rfd1 Nf6 20. h3 Ne4 21. Kg2 f6 22. Be3 Nd6 23. Rxc8+ Rxc8 24. Qa4 d4 25.
Bd2 Qd5+ 26. Kg1 Rc7 27. Rc1 Rxc1+ 28. Bxc1 Qc5 29. Bh6 Kf7 30. Qd7+ Kg8 31. Qg7# 1-0

[Event "*** Titled Tuesday Blitz"]
[Site "Chess.com"]
[Date "2021.03.30"]
[Round "4"]
[White "As0nchess"]
[Black "VD_coach"]
[Result "1-0"]
[WhiteElo "2632"]
[BlackElo "2481"]
[TimeControl "180+1"]
[EndTime "10:38:13 PDT"]
[Termination "As0nchess won by resignation"]

1. e4 c5 2. Nf3 d6 3. d4 cxd4 4. Nxd4 Nf6 5. Nc3 g6 6. f3 Bg7 7. Be3 O-O 8. Qd2 Nc6 9. O-O-O Nxd4 10. Bxd4 Be6 11. Kb1 Qc7 12. h4 Rfc8 13. h5 Qa5 14.
a3 Rab8 15. hxg6 hxg6 16. Bd3 b5 17. Qg5 d5 18. Nxd5 Bxd5 19. exd5 b4 20. a4 b3 21. cxb3 Rxb3 22. Bc2 Rxc2 23. Kxc2 Qxa4 24. Kb1 Ne4 25.
Qxe7 Rxb2+ 26. Bxb2 Nc3+ 27. Kc1 Na2+ 28. Kd2 Qf4+ 29.
Ke2 Qc4+ 30. Rd3 Qc2+ 31. Rd2 Qc4+ 32. Kf2 1-0

[Event "*** Titled Tuesday Blitz"]
[Site "Chess.com"]
[Date "2021.03.30"]
[Round "4"]
[White "Limelight2727"]
[Black "PawnEatingZombie"]
[Result "1-0"]
[WhiteElo "2346"]
[BlackElo "2182"]
[TimeControl "180+1"]
[EndTime "10:38:13 PDT"]
[Termination "Limelight2727 won by checkmate"]

1. d4 d5 2. c4 e6 3. Nc3 Bb4 4. cxd5 exd5 5. Qb3 c5 6. a3 Bxc3+ 7. Qxc3 cxd4 8.
Qxd4 Nf6 9. Qd1 O-O 10. Nf3 Nc6 11. g3 d4 12. Bg2 Bf5 13. O-O h6 14. b4 a6 15. Bb2 Be4 16. Nxd4 Bxg2 17. Kxg2 Qd5+ 18. Nf3 Qf5 19. Qd3 Qxd3 20. exd3 Nd5 21. Rfe1 Rfe8 22. Kf1 f6 23. Nd4 Nxd4 24. Bxd4 Kf7 25. f3 Rac8 26. Rec1 b5 27. Rc5 Rxc5 28. Bxc5 g5 29. Kf2 f5 30. a4 f4 31. axb5 axb5 32. Ra7+ Kg6 33. Ra6+ Kf5 34. g4+ Ke5 35. d4# 1-0

[Event "*** Titled Tuesday Blitz"]
[Site "Chess.com"]
[Date "2021.03.30"]
[Round "4"]
[White "Gloomy_Wanderer"]
[Black "Balla_Tamas"]
[Result "0-1"]
[WhiteElo "2699"]
[BlackElo "2519"]
[TimeControl "180+1"]
[EndTime "10:38:14 PDT"]
[Termination "Balla_Tamas won by resignation"]

1. d4 e6 2. c4 f5 3. g3 Nf6 4. Bg2 d5 5. Nf3 Be7 6. O-O Ne4 7. Nbd2 Nc6 8. cxd5 exd5 9. Ne5 Nxe5 10. dxe5 Nxd2 11. Bxd2 c6 12. Qb3 Qb6 13. Qc2 Be6 14. Be3 d4 15.
Bf4 O-O 16. Rfd1 Rad8 17. h4 h6 18. h5 c5 19. b3 Qa6 20. e4 d3 21. Qc3 b5 22.
exf5 Bxf5 23. a4 b4 24. Qd2 Qe6 25. Rab1 Bg4 26. Re1 Bxh5 27. Be4 Bg6 28. Bxg6 Qxg6 29. e6 Rd5 30. Re3 Rxf4 0-1

[Event "*** Titled Tuesday Blitz"]
[Site "Chess.com"]
[Date "2021.03.30"]
[Round "4"]
[White "Lion-Al-Messi"]
[Black "Federtiu"]
[Result "0-1"]
[WhiteElo "2483"]
[BlackElo "2645"]
[TimeControl "180+1"]
[EndTime "10:38:15 PDT"]
[Termination "Federtiu won by resignation"]

1. d4 Nf6 2. Nf3 g6 3. Nc3 Bg7 4. e4 d5 5. e5 Ne4 6. Bd3 Nxc3 7. bxc3 c5 8. O-O Nc6 9. Be3 c4 10. Be2 Bg4 11. h3 Bxf3 12. Bxf3 e6 13. Qd2 O-O 14. Be2 b5 15. f4 a5 16. g4 f5 17. exf6 Bxf6 18.
f5 exf5 19. gxf5 g5 20. Kh1 b4 21. Rg1 h6 22. h4 bxc3 23. Qxc3 Ra7 24. hxg5 hxg5 25.
Kg2 Re8 26. Bh5 Re4 27. Bg6 Rae7 28. Rae1 Qc7 29. Bf2 Bxd4 30. Bxd4 Nxd4 31. Rxe4 Rxe4 32. Qh3 Rh4 33. Qg3 Qxg3+ 34. Kxg3 Ne2+ 0-1

[Event "*** Titled Tuesday Blitz"]
[Site "Chess.com"]
[Date "2021.03.30"]
[Round "4"]
[White "A-S-00"]
[Black "NishaOnYoutube"]
[Result "0-1"]
[WhiteElo "2351"]
[BlackElo "2180"]
[TimeControl "180+1"]
[EndTime "10:38:15 PDT"]
[Termination "NishaOnYoutube won by resignation"]

1. d4 f5 2. c4 g6 3. g3 Bg7 4. Bg2 d6 5. Nh3 Nh6 6. d5 c6 7. O-O O-O 8. Nc3 e5 9. dxe6 Bxe6 10. Qd3 Na6 11. Rd1 Nf7 12. Be3 Nb4 13. Qd2 Bxc4 14.
a3 Na6 15. Rac1 Be6 16. b4 Nc7 17. Nf4 Bd7 18. Qa2 Kh8 19. Bd4 Bxd4 20. Rxd4 Qf6 21.
Rdd1 a6 22. e4 Rae8 23. Rd2 Nb5 24. Nxb5 axb5 25. exf5 Bxf5 26. Rcd1 Re7 27. Ne2 Rfe8 28. Nd4 Re1+ 29. Bf1 Bh3 30. Ne2 R8xe2 31. Rxe2 Rxd1 32. Re8+ Kg7 33. Qe2 0-1

[Event "*** Titled Tuesday Blitz"]
[Site "Chess.com"]
[Date "2021.03.30"]
[Round "4"]
[White "BozeKat"]
[Black "AEMEffi"]
[Result "0-1"]
[WhiteElo "2019"]
[BlackElo "2266"]
[TimeControl "180+1"]
[EndTime "10:38:15 PDT"]
[Termination "AEMEffi won by resignation"]

1. Nf3 d5 2. c4 c6 3. d4 Nf6 4.
Nc3 a6 5. Qc2 g6 6. e4 dxe4 7.
Nxe4 Nxe4 8. Qxe4 Bg7 9. Be3 Bf5 10. Qh4 Nd7 11. Be2 e5 12. Bg5 Qa5+ 13. Bd2 Qb6 14. Bc3 Bf6 15. c5 Qd8 16. Qh6 Qe7 17.
dxe5 Nxe5 18. Nxe5 Bxe5 19. Bxe5 Qxe5 20. O-O O-O-O 21.
Rfe1 Qxb2 22. Rab1 Bxb1 0-1

[Event "*** Titled Tuesday Blitz"]
[Site "Chess.com"]
[Date "2021.03.30"]
[Round "4"]
[White "Baron_von_Koenig"]
[Black "Jospem"]
[Result "0-1"]
[WhiteElo "2556"]
[BlackElo "2952"]
[TimeControl "180+1"]
[EndTime "10:38:16 PDT"]
[Termination "Jospem won by checkmate"]

1. b3 d5 2. Bb2 Bf5 3. g3 c6 4.
Bg2 Nf6 5. Nf3 e6 6. O-O h6 7. d3 Be7 8. Nbd2 O-O 9. Ne5 Nbd7 10. e4 Bh7 11. Nxd7 Qxd7 12. e5 Ne8 13. f4 a5 14.
a4 Nc7 15. g4 c5 16. Qf3 f6 17. Rae1 f5 18. Bh3 b5 19. axb5 Nxb5 20. Ra1 Nd4 21. Bxd4 cxd4 22. Rf2 a4 23. bxa4 Rxa4 24. Rxa4 Qxa4 25.
Nf1 Bh4 26. Rg2 Qe8 27. gxf5 Bxf5 28. Bxf5 Rxf5 29. Qg4 Qe7 30. Nd2 h5 31. Qh3 Rxf4 32. Nf3 Kh7 33. Nxh4 Qxh4 34. Qxe6 Qe1# 0-1

[Event "*** Titled Tuesday Blitz"]
[Site "Chess.com"]
[Date "2021.03.30"]
[Round "4"]
[White "A-Fier"]
[Black "MalyDominator"]
[Result "1-0"]
[WhiteElo "2672"]
[BlackElo "2488"]
[TimeControl "180+1"]
[EndTime "10:38:16 PDT"]
[Termination "A-Fier won by checkmate"]

1. d4 Nf6 2. c4 e6 3. Nc3 d5 4. cxd5 exd5 5. Bg5 c6 6. e3 Nbd7 7. Bd3 Bd6 8. Nf3 h6 9. Bh4 O-O 10. O-O Re8 11. e4 dxe4 12. Nxe4 Be7 13. Nc3 Nd5 14. Bg3 N7b6 15. a3 Be6 16. Re1 Bd6 17. Bc2 Bxg3 18.
hxg3 Rc8 19. Qd3 Nf6 20. Ne5 Nbd5 21. Rad1 Qb6 22. Na4 Qc7 23. Nc5 b6 24. Nxe6 Rxe6 25. Rc1 Qb7 26. Bb3 Rce8 27. Ba4 b5 28. Bb3 Nd7 29.
Bxd5 cxd5 30. f4 b4 31. Red1 bxa3 32. Qxa3 Nf6 33. Rc5 Ne4 34. Ra5 a6 35. Kh2 Qb6 36. Rxd5 f6 37. f5 R6e7 38. Ng6 Rb7 39. Re1 Qxb2 40. Qxb2 Rxb2 41. Rxe4 Rxe4 42. Rd8+ Kf7 43. Rf8# 1-0

[Event "*** Titled Tuesday Blitz"]
[Site "Chess.com"]
[Date "2021.03.30"]
[Round "4"]
[White "Taktikmonster"]
[Black "DaroZin"]
[Result "1-0"]
[WhiteElo "2376"]
[BlackElo "2573"]
[TimeControl "180+1"]
[EndTime "10:38:16 PDT"]
[Termination "Taktikmonster won by resignation"]

1. e4 e6 2. d4 d5 3. Nd2 Nf6 4. e5 Nfd7 5. Bd3 c5 6. c3 Nc6 7.
Ne2 cxd4 8. cxd4 f6 9. exf6 Nxf6 10. O-O Bd6 11. Nf3 Qc7 12. h3 O-O 13. Be3 Bd7 14. Re1 Be8 15. Ng5 Qd7 16. Nf4 Nd8 17. Qb1 Bxf4 18.
Bxh7+ Kh8 19. Bxf4 Nh5 20. Bg6 Nf6 21. Be5 Nf7 22. Bxf6 gxf6 23. Nxe6 Rg8 24. Bh7 Ng5 25. Bxg8 Kxg8 26. Nxg5 fxg5 27. Re5 1-0

[Event "*** Titled Tuesday Blitz"]
[Site "Chess.com"]
[Date "2021.03.30"]
[Round "4"]
[White "Piccadilly123"]
[Black "GAusal"]
[Result "0-1"]
[WhiteElo "2273"]
[BlackElo "2056"]
[TimeControl "180+1"]
[EndTime "10:38:16 PDT"]
[Termination "GAusal won on time"]

1. e4 e5 2. Nf3 Nc6 3. d4 exd4 4. Bc4 Bb4+ 5. c3 dxc3 6. bxc3 Ba5 7. O-O d6 8. Bg5 Nf6 9. Nd4 Ne5 10. Qa4+ c6 11.
Be2 Bb6 12. f4 Ng6 13. Nd2 O-O 14. Nc4 Bxd4+ 15. cxd4 b5 16. Qc2 bxc4 17. e5 dxe5 18. dxe5 Qd4+ 19. Kh1 Nd5 20. Rad1 Qc5 21. f5 Nxe5 22. Qe4 f6 23. Bf4 Nc3 24. Qc2 Nxd1 25. Rxd1 c3 26. Rc1 Ng4 27. Bxg4 Re8 0-1

[Event "*** Titled Tuesday Blitz"]
[Site "Chess.com"]
[Date "2021.03.30"]
[Round "4"]
[White "JoliyRoger"]
[Black "Trickster_Pony"]
[Result "1-0"]
[WhiteElo "2377"]
[BlackElo "1511"]
[TimeControl "180+1"]
[EndTime "10:38:17 PDT"]
[Termination "JoliyRoger won by checkmate"]

1. d4 Nf6 2. c4 g6 3. Nc3 Bg7 4. e4 O-O 5. Nf3 d6 6. h3 Nbd7 7. Bg5 h6 8. Be3 e5 9. d5 a5 10. g4 Nc5 11. Nd2 h5 12. Be2 hxg4 13. hxg4 Ne8 14. Qc2 f5 15. gxf5 gxf5 16. O-O-O fxe4 17. Ndxe4 Bf5 18. Rdg1 c6 19. Bg4 cxd5 20. Bxf5 dxe4 21. Bh7+ Kf7 22. Nxe4 Nxe4 23. Bxe4 Nf6 24. Bd5+ Nxd5 25. Qg6+ Ke7 26. Qxg7+ Ke6 27. cxd5+ Kxd5 28. Qg2+ e4 29. Rh5+ Kc6 30. Qxe4+ Kd7 31. Rg7+ Kc8 32. Qxb7# 1-0

[Event "*** Titled Tuesday Blitz"]
[Site "Chess.com"]
[Date "2021.03.30"]
[Round "4"]
[White "albi1999"]
[Black "Manukyan_Artak"]
[Result "0-1"]
[WhiteElo "2607"]
[BlackElo "2471"]
[TimeControl "180+1"]
[EndTime "10:38:18 PDT"]
[Termination "Manukyan_Artak won by resignation"]

1. d4 Nf6 2. c4 g6 3. g3 Bg7 4. Bg2 O-O 5. Nc3 d6 6. Nf3 Nbd7 7. O-O e5 8. e4 exd4 9. Nxd4 Nc5 10. h3 a5 11.
Ndb5 Re8 12. Qc2 c6 13. Nd4 Nfxe4 14. Nxe4 Nxe4 15. Nxc6 bxc6 16. Bxe4 Bxh3 17. Bxc6 Bxf1 18. Kxf1 Rc8 19. Bxe8 Qxe8 20. Be3 d5 21. c5 d4 22. Bf4 Qb5+ 23. Kg1 Qxc5 24. Qxc5 Rxc5 25. Re1 h5 26.
Re8+ Kh7 27. Re7 g5 28. Bd2 Kg6 29. Ra7 Rc2 30. Ra6+ f6 31. Bxa5 Rxb2 32. Rd6 Rxa2 33. Bb6 Rd2 34. Rxd4 Rxd4 35. Bxd4 Kf5 36. Kg2 g4 37. f3 Bf8 38. fxg4+ hxg4 39. Be3 Ke4 40. Bf4 f5 41. Bc7 Bg7 42. Kf2 Bd4+ 43. Ke2 Be5 44. Bxe5 Kxe5 45. Ke3 Ke6 46. Kf4 Kf6 47. Ke3 Ke5 48.
Kf2 Kd4 0-1

[Event "*** Titled Tuesday Blitz"]
[Site "Chess.com"]
[Date "2021.03.30"]
[Round "4"]
[White "Onischuk_V"]
[Black "UCantHandleDenker"]
[Result "1-0"]
[WhiteElo "2884"]
[BlackElo "2544"]
[TimeControl "180+1"]
[EndTime "10:38:19 PDT"]
[Termination "Onischuk_V won by resignation"]

1. Nf3 Nf6 2. g3 d6 3. Bg2 Nbd7 4. O-O e5 5. c4 Be7 6. Nc3 O-O 7. b4 a5 8. b5 Re8 9. a4 Bf8 10. Ba3 e4 11. Nd4 Nc5 12. Nb3 b6 13. d3 Bb7 14.
Bxc5 dxc5 15. Nd2 g6 16. Ncxe4 Nxe4 17. Nxe4 Bxe4 18. Bxe4 Rb8 19. e3 Bg7 20. Rb1 Qd6 21.
Qf3 Re5 22. Bd5 Rf8 23. Rbe1 h5 24. h4 Rf5 25. Qg2 g5 26. e4 Re5 27. f4 gxf4 28.
gxf4 Ree8 29. e5 Qh6 30. Re3 Kh8 31. Rg3 Bxe5 32. fxe5 Rxe5 33. Kh2 Qd6 34. Qf3 Rg8 35. Rxg8+ Kxg8 36. Qxf7+ 1-0

[Event "*** Titled Tuesday Blitz"]
[Site "Chess.com"]
[Date "2021.03.30"]
[Round "4"]
[White "dachessmandan"]
[Black "MarcoRiehle"]
[Result "0-1"]
[WhiteElo "2491"]
[BlackElo "2690"]
[TimeControl "180+1"]
[EndTime "10:38:20 PDT"]
[Termination "MarcoRiehle won on time"]

1. e4 e5 2. Nf3 Nf6 3. Nxe5 Nxe4 4. Qe2 Qe7 5. Qxe4 d6 6. d4 dxe5 7. Qxe5 Qxe5+ 8. dxe5 Bf5 9. c3 Nd7 10. Bf4 O-O-O 11. Nd2 Nxe5 12. Bxe5 Re8 13. f4 f6 14. Nf3 fxe5 15. fxe5 g5 16. h3 Bc5 17. Bc4 h5 18. b4 Be3 19. Ke2 Bf4 20. Rhe1 g4 21. Nd4 Be4 22.
Kf2 Rxe5 23. Ne6 g3+ 24. Kg1 Bd2 25. Re2 Bxc3 26. Rc1 Bxb4 27. Nxc7 Bc5+ 28. Kh1 Kxc7 29. Bd3 Rhe8 30. Bxe4 Rxe4 31. Rxc5+ Kb6 32. Rxe4 Rxe4 33. Rc1 Re2 34. Kg1 Rxa2 35. Kf1 Rf2+ 36. Kg1 a5 37. Rb1+ Ka6 0-1

[Event "*** Titled Tuesday Blitz"]
[Site "Chess.com"]
[Date "2021.03.30"]
[Round "4"]
[White "Duhless"]
[Black "Iball95"]
[Result "1-0"]
[WhiteElo "3048"]
[BlackElo "2665"]
[TimeControl "180+1"]
[EndTime "10:38:23 PDT"]
[Termination "Duhless won by resignation"]

1. d4 d5 2. c4 e6 3. Nf3 Nf6 4. g3 Bb4+ 5. Nbd2 O-O 6. Bg2 b6 7. O-O Bb7 8. b3 Nbd7 9. Bb2 Re8 10. a3 Bf8 11. Ne5 c5 12. Nxd7 Qxd7 13. dxc5 Bxc5 14. Bxf6 gxf6 15. Ne4 Be7 16. cxd5 Bxd5 17. Nc3 Rad8 18.
Nxd5 exd5 19. Qd3 a5 20. Rfd1 Bc5 21. Bxd5 Qe7 22. e3 Bxa3 23. Qf5 Bb2 24. Ra4 Qe5 25. Qf3 Rd7 26. Re4 Qb8 27. Qg4+ Kf8 28. Qxd7 1-0

[Event "*** Titled Tuesday Blitz"]
[Site "Chess.com"]
[Date "2021.03.30"]
[Round "4"]
[White "Vanina1989"]
[Black "UKR_Master"]
[Result "1-0"]
[WhiteElo "2766"]
[BlackElo "2568"]
[TimeControl "180+1"]
[EndTime "10:38:25 PDT"]
[Termination "Vanina1989 won by resignation"]

1. d4 Nf6 2. c4 g6 3. Nc3 d5 4. cxd5 Nxd5 5. e4 Nxc3 6. bxc3 Bg7 7. Bc4 c5 8. Ne2 O-O 9. O-O Nc6 10. Be3 Qc7 11. Qc1 Rd8 12. Bd5 e6 13. Bb3 b6 14.
Bf4 Qe7 15. d5 exd5 16. Bxd5 Bb7 17. Qe3 Na5 18. Bg5 Bf6 19. Bxf6 Qxf6 20. c4 Re8 21.
Rad1 Qb2 22. Rd2 Qb4 23. Nc3 Nxc4 24. Bxf7+ Kg7 25. Bxc4 Qxc4 26. Rd7+ Kg8 27. Qh6 1-0

[Event "*** Titled Tuesday Blitz"]
[Site "Chess.com"]
[Date "2021.03.30"]
[Round "4"]
[White "Pikachess999"]
[Black "chessmause"]
[Result "1-0"]
[WhiteElo "2354"]
[BlackElo "2220"]
[TimeControl "180+1"]
[EndTime "10:38:25 PDT"]
[Termination "Pikachess999 won by resignation"]

1. e4 c5 2. a3 Nc6 3. b4 cxb4 4. axb4 Nxb4 5. c3 Nc6 6. d4 d5 7.
exd5 Qxd5 8. Na3 Nf6 9. Nb5 Qd8 10. d5 Na5 11. Qa4 Bd7 12. Qxa5 Qxa5 13. Rxa5 Rc8 14. Rxa7 Nxd5 15. Rxb7 e6 16. Bd2 Bc6 17. Ra7 Bc5 18. Ra1 O-O 19. Nf3 Rb8 20. Nbd4 Bd7 21. Ne5 Bc8 22. Bd3 f6 23. Nc4 e5 24. Nc6 Rb7 25. Ra5 Nf4 26. Bxf4 exf4 27. Rxc5 Re8+ 28. Kd2 Be6 29. Nd6 Rb2+ 30. Kc1 Ra2 31. Nxe8 Ra1+ 32. Bb1 Ba2 33. Kb2 Rxb1+ 34. Rxb1 Bxb1 35.
Kxb1 1-0

[Event "*** Titled Tuesday Blitz"]
[Site "Chess.com"]
[Date "2021.03.30"]
[Round "4"]
[White "Evgeny81"]
[Black "ErikBlomqvist"]
[Result "1-0"]
[WhiteElo "2774"]
[BlackElo "2607"]
[TimeControl "180+1"]
[EndTime "10:38:26 PDT"]
[Termination "Evgeny81 won by resignation"]

1. e4 c5 2. Nf3 e6 3. d4 cxd4 4. Nxd4 Nc6 5. Nb5 d6 6. c4 Nf6 7. N5c3 Be7 8. Be2 O-O 9. O-O b6 10. Be3 Bb7 11. f3 Rc8 12. b3 Re8 13. Kh1 Qc7 14.
a3 Qb8 15. Ra2 Ne5 16. Rd2 Ng6 17. Bf2 h5 18. Re1 h4 19. Bf1 h3 20. g3 Ne5 21.
Bxh3 d5 22. cxd5 exd5 23. Bxc8 Qxc8 24. exd5 Bd6 25. Kg2 Qf5 26. Bd4 Re7 27. Bxe5 Rxe5 28. Rxe5 Qxe5 29. Qe2 Qh5 30. Ne4 Nxe4 31. Qxe4 Ba6 32.
Nc3 Qg5 33. Rd1 Qf6 34. Qe8+ Kh7 35. Ne4 Qb2+ 36. Rd2 Qc1 37. Rf2 Bxa3 38. Qxf7 1-0

[Event "*** Titled Tuesday Blitz"]
[Site "Chess.com"]
[Date "2021.03.30"]
[Round "4"]
[White "novocane"]
[Black "zmeeed67"]
[Result "0-1"]
[WhiteElo "2226"]
[BlackElo "2420"]
[TimeControl "180+1"]
[EndTime "10:38:26 PDT"]
[Termination "zmeeed67 won on time"]

1. d4 d5 2. c4 e6 3. Nc3 c6 4. e4 dxe4 5. Nxe4 Bb4+ 6. Bd2 Qxd4 7. Bxb4 Qxe4+ 8. Be2 Ne7 9. Nf3 Nd5 10. Nd2 Qd4 11. Ba3 Nf6 12. O-O Nbd7 13. Qc2 c5 14. b3 O-O 15. Bb2 Qf4 16. Rfe1 b6 17. Bf3 Rb8 18. Ne4 Nxe4 19. Rxe4 Qf5 20. Qc3 f6 21. Rxe6 Ne5 22. Re7 Nxf3+ 23. Qxf3 Qg6 24. Rxa7 Bf5 25. Qd5+ Kh8 26. Re1 Rbe8 27. Rd1 Be4 0-1

[Event "*** Titled Tuesday Blitz"]
[Site "Chess.com"]
[Date "2021.03.30"]
[Round "4"]
[White "canary2016"]
[Black "AndreyNeves"]
[Result "1-0"]
[WhiteElo "2021"]
[BlackElo "2229"]
[TimeControl "180+1"]
[EndTime "10:38:26 PDT"]
[Termination "canary2016 won by resignation"]

1. d4 d5 2. c4 e6 3. Nf3 Nf6 4. g3 Bb4+ 5. Bd2 Be7 6. Bg2 O-O 7. O-O c6 8. Qc2 Ne4 9. Bf4 Nd7 10. Nbd2 f5 11.
Rac1 g5 12. Be5 g4 13. Ne1 Nxe5 14. dxe5 Bg5 15. e3 Bd7 16. Nd3 h5 17. Rfd1 h4 18. Nxe4 fxe4 19. Nc5 hxg3 20. hxg3 Qe7 21. cxd5 exd5 22. Bxe4 Be8 23. Bg6 Qxe5 24. Bxe8 Raxe8 25. Nd7 Qe7 26. Nxf8 Rxf8 27. Rd4 Qf6 28. Rxg4 Kf7 29. Rf1 Rh8 30. f4 Bh4 31. gxh4 Rxh4 32. Rxh4 Qg6+ 33. Qxg6+ Kxg6 34. Rg4+ Kf5 35. Rg5+ Ke4 36. f5 Kxe3 37. f6 1-0

[Event "*** Titled Tuesday Blitz"]
[Site "Chess.com"]
[Date "2021.03.30"]
[Round "4"]
[White "OhanyanEminChess"]
[Black "anon219"]
[Result "0-1"]
[WhiteElo "2682"]
[BlackElo "2862"]
[TimeControl "180+1"]
[EndTime "10:38:27 PDT"]
[Termination "anon219 won on time"]

1. e4 c5 2. Nf3 a6 3. c3 e6 4. d4 d5 5. exd5 exd5 6. Bd3 c4 7.
Bc2 Bd6 8. O-O Ne7 9. b3 cxb3 10. axb3 O-O 11. c4 Nbc6 12. Nc3 h6 13. h3 Nb4 14.
Bb1 Bf5 15. Re1 Bxb1 16. Rxb1 Rc8 17. Ba3 dxc4 18. bxc4 Rxc4 19. Ne4 a5 20. Qe2 Rc7 21. Nxd6 Qxd6 22. Bxb4 axb4 23. Qb5 Nd5 24. Re5 Rd8 25. Rbe1 g6 26. Re8+ Rxe8 27. Rxe8+ Kg7 28. Ne5 Qf6 29. Ng4 Qxd4 30. Qa5 h5 31. Qa8 hxg4 32. Rg8+ Kh7 0-1

[Event "*** Titled Tuesday Blitz"]
[Site "Chess.com"]
[Date "2021.03.30"]
[Round "4"]
[White "DonPreuss"]
[Black "Tpros"]
[Result "0-1"]
[WhiteElo "2281"]
[BlackElo "2462"]
[TimeControl "180+1"]
[EndTime "10:38:27 PDT"]
[Termination "Tpros won by checkmate"]

1. d4 Nf6 2. Nc3 d5 3. e4 dxe4 4. f3 exf3 5. Nxf3 g6 6. Bd3 Bg7 7. O-O O-O 8. Qe1 Nc6 9. Qh4 Bg4 10. Ne2 Qd5 11. Nf4 Qd6 12. c3 Bxf3 13. Rxf3 e5 14. Nh3 e4 15. Bxe4 Nxe4 16. Qxe4 Rae8 17. Qh4 f6 18.
Bh6 Re2 19. Rf2 Rfe8 20. Raf1 Rxf2 21. Nxf2 Bxh6 22. Qxh6 Re2 23. Nh3 Qe7 24. Nf4 Qe3+ 25. Kh1 Rf2 26. Qh4 Rxf1# 0-1

[Event "*** Titled Tuesday Blitz"]
[Site "Chess.com"]
[Date "2021.03.30"]
[Round "4"]
[White "Redzishchess"]
[Black "onetowin"]
[Result "0-1"]
[WhiteElo "2365"]
[BlackElo "2029"]
[TimeControl "180+1"]
[EndTime "10:38:28 PDT"]
[Termination "onetowin won by resignation"]

1. e4 c5 2. Nf3 e6 3. g3 Nc6 4. Bg2 d5 5. exd5 exd5 6. d4 Nf6 7.
O-O cxd4 8. Nxd4 Be7 9. Nc3 O-O 10. Bf4 a6 11. h3 Qb6 12. Nb3 d4 13. Ne4 Bf5 14. Nxf6+ Bxf6 15. g4 Be6 16. Re1 Bh4 17. Bd6 Bxb3 18. Bxf8 d3 19. Rf1 Bxc2 20. Qd2 Rxf8 21. g5 Qc5 22. Qe3 Qxe3 23. fxe3 Bxg5 24. Kf2 Re8 25. Rfe1 Bh4+ 0-1

[Event "*** Titled Tuesday Blitz"]
[Site "Chess.com"]
[Date "2021.03.30"]
[Round "4"]
[White "parintele_chess"]
[Black "doctorcristian"]
[Result "0-1"]
[WhiteElo "2247"]
[BlackElo "2565"]
[TimeControl "180+1"]
[EndTime "10:38:29 PDT"]
[Termination "doctorcristian won by resignation"]

1. Nf3 d5 2. c4 e6 3. b3 Be7 4.
Bb2 Bf6 5. Qc1 dxc4 6. bxc4 c5 7. d3 b6 8. g3 Bb7 9. Bg2 Nd7 10. O-O Ne7 11. Nbd2 O-O 12. Rd1 Qc7 13. e4 Nc6 14.
Nf1 Rfd8 15. Ne3 Nde5 16. Nxe5 Bxe5 17. f4 Bxb2 18. Qxb2 Nd4 19. Nc2 Nxc2 20. Qxc2 Rd4 21. e5 Rad8 22. Bxb7 Qxb7 23. Rd2 Qf3 24. Rad1 h5 25.
Rf2 Qg4 26. Kg2 h4 27. Rf3 h3+ 28. Kf2 Qf5 29. Ke2 g6 30. Rg1 Qg4 31. Rd1 R8d7 32. Qb1 Kg7 33. Qc2 a6 34. a4 Rb7 35. Rb1 g5 36. Kf2 gxf4 37. gxf4 Qg2+ 38. Ke3 Qxc2 0-1

[Event "*** Titled Tuesday Blitz"]
[Site "Chess.com"]
[Date "2021.03.30"]
[Round "4"]
[White "KarateBaby"]
[Black "FontVella8"]
[Result "1-0"]
[WhiteElo "2315"]
[BlackElo "2463"]
[TimeControl "180+1"]
[EndTime "10:38:29 PDT"]
[Termination "KarateBaby won by resignation"]

1. Nf3 d5 2. c4 c6 3. e3 Nf6 4. Nc3 g6 5. d4 Bg7 6. Be2 O-O 7. O-O Nbd7 8. b3 b6 9. Bb2 Bb7 10. Rc1 Rc8 11. b4 dxc4 12. Bxc4 c5 13. bxc5 bxc5 14. d5 Nb6 15. Be2 Nbxd5 16. Qc2 Nb4 17. Qb1 Qc7 18. a3 Nbd5 19. Nb5 Qb8 20. Rfd1 e6 21. Be5 Qa8 22.
Qa1 Nh5 23. Nd6 Rcd8 24. g4 Rxd6 25. gxh5 Bxe5 26. Qxe5 Rc6 27. Nd2 f6 28. Qg3 Kg7 29. Ne4 Qc8 30. Bf3 e5 31. Rxd5 f5 32. Qxe5+ Kh6 33.
Nd6 Qb8 34. Qf4+ Kg7 35. h6+ Kg8 36. Qe5 Rc7 37. Rdxc5 1-0

[Event "*** Titled Tuesday Blitz"]
[Site "Chess.com"]
[Date "2021.03.30"]
[Round "4"]
[White "AsaHoffmann"]
[Black "nicolochessit"]
[Result "1-0"]
[WhiteElo "2397"]
[BlackElo "2227"]
[TimeControl "180+1"]
[EndTime "10:38:29 PDT"]
[Termination "AsaHoffmann won by checkmate"]

1. d4 Nf6 2. Bg5 e6 3. Nd2 d5 4. e3 c5 5. c3 Nc6 6. f4 h6 7. Bh4 Be7 8. Bd3 cxd4 9. exd4 a6 10. Ngf3 Nh5 11. Bxe7 Qxe7 12. g3 O-O 13. Ne5 Nf6 14. O-O Qd6 15. Qe2 b5 16. Rae1 b4 17. Ndf3 Bb7 18.
f5 Nd7 19. Nxf7 Rxf7 20. fxe6 Re7 21. Nh4 Rf8 22. Nf5 Rxf5 23. Rxf5 Nf6 24. Rxf6 gxf6 25.
Qg4+ Rg7 26. Qf5 Ne7 27. Qxf6 Bc8 28. Re5 Nc6 29. Re3 Ne7 30. Qxh6 bxc3 31. bxc3 a5 32. Kg2 Qa3 33. Rf3 Qb2+ 34. Kh3 Qb8 35. Rf7 Rxf7 36. Bg6 Rh7 37. Qxh7+ Kf8 38. Qf7# 1-0

[Event "*** Titled Tuesday Blitz"]
[Site "Chess.com"]
[Date "2021.03.30"]
[Round "4"]
[White "volunteers1998"]
[Black "Piotrek1979"]
[Result "1-0"]
[WhiteElo "2187"]
[BlackElo "2314"]
[TimeControl "180+1"]
[EndTime "10:38:29 PDT"]
[Termination "volunteers1998 won by resignation"]

1. e4 c5 2. Nf3 Nc6 3. Bb5 g6 4. O-O Bg7 5. Re1 Nf6 6. e5 Nd5 7.
Nc3 Nc7 8. Bxc6 dxc6 9. Ne4 Ne6 10.
d3 h6 11. b3 b6 12. Bb2 O-O 13. a4 a5 14. Qe2 Bb7 15. Qe3 Qd7 16. Rad1 Rad8 17.
Ng3 Nd4 18. Rc1 Qd5 19. Nd2 Rde8 20. Nc4 Qd8 21. Ne4 Kh7 22. f4 Bc8 23. h3 f5 24.
exf6 exf6 25. Bxd4 cxd4 26. Qf2 f5 27. Ned6 Re6 28. Nxc8 Qxc8 29. Rxe6 Qe8 30. Rxe8 1-0